 Dungeon Crawl Stone Soup version 0.17-a0-1978-gc390f2e (webtiles) character file.

9 dpvblackbelt the Insei (level 2, -2/19 HPs)
             Began as a Kobold Monk on Oct 4, 2015.
             Slain by a gnoll
             ... wielding a +0 flail
              (9 damage)
             ... on level 1 of the Dungeon on Oct 5, 2015.
             The game lasted 00:01:52 (790 turns).

dpvblackbelt the Insei (Kobold Monk)                 Turns: 790, Time: 00:01:52

Health: -2/19      AC:  2    Str:  9    XL:     2   Next: 25%
Magic:  2/2        EV: 16    Int:  8    God:
Gold:   37         SH:  0    Dex: 18    Spells: 0 memorised, 1 level left

rFire  . . .     SeeInvis .     f - +0 dagger
rCold  . . .     Clarity  .     g - +0 robe (curse)
rNeg   . . .     SustAt   .     (shield restricted)
rPois  .         Gourm    .     (no helmet)
rElec  .         Spirit   .     (no cloak)
rCorr  .         Warding  .     (no gloves)
rMut   .         Stasis   .     (no boots)
MR     .....                    (no amulet)
Stlth  +++.......               (no ring)
                                (no ring)

@: not resistant to hostile enchantments, fairly stealthy
A: carnivore 3
a: no special abilities


You were on level 1 of the Dungeon.
You were not hungry.

You visited 1 branch of the dungeon, and saw 1 of its levels.

You collected 37 gold pieces.

Inventory:

Hand Weapons
 f - a +0 dagger (weapon)
   (You took it off a kobold on level 1 of the Dungeon)
Armour
 a - a +0 robe
 g - a cursed +0 robe (worn)
   (You found it on level 1 of the Dungeon)
Scrolls
 c - a scroll of identify {unknown}
 e - a scroll of random uselessness {unknown}
Potions
 d - a potion of flight {unknown}
 h - a potion of lignification {unknown}
Comestibles
 b - 2 meat rations {@e2@e2}
 i - a slice of pizza


   Skills:
 - Level 3.2 Fighting
 + Level 1.5 Short Blades
 - Level 3.6 Dodging
 - Level 3.3 Stealth
 - Level 4.0 Unarmed Combat


You had one spell level left.
You didn't know any spells.

Dungeon Overview and Level Annotations

Branches:
Dungeon (1/15)

Altars:


Innate Abilities, Weirdness & Mutations

You are small and have problems with some larger weapons.
You are carnivorous and can eat meat at any time.


Message History

MASSIVE DAMAGE!!
You closely miss the kobold. The kobold hits you with a dagger.
You take 4 damage, and have 11/19 hp.
MASSIVE DAMAGE!!
You are too injured to fight recklessly!
You are too injured to fight recklessly!
You miss the kobold. The kobold closely misses you.
You hit the kobold but do no damage. The kobold barely misses you.
You closely miss the kobold. The kobold hits you with a dagger.
You take 1 damage, and have 10/19 hp.
You closely miss the kobold. The kobold hits you with a dagger.
You take 2 damage, and have 8/19 hp.
You closely miss the kobold. The kobold misses you.
You barely miss the kobold. The kobold hits you but does no damage.
You closely miss the kobold. The kobold barely misses you.
You hit the kobold. The kobold hits you with a dagger.
You take 2 damage, and have 6/19 hp.
You hit the kobold but do no damage. The kobold barely misses you.
You closely miss the kobold. The kobold hits you but does no damage.
You hit the kobold. The kobold hits you but does no damage.
You hit the kobold but do no damage. The kobold completely misses you.
You hit the kobold.
You kill the kobold!
Things that are here:
a dagger; a kobold corpse Wear which item? (? for menu, Esc to quit)
You start removing your armour.
You continue taking off your +0 robe.
You continue taking off your +0 robe. x3
You finish taking off your +0 robe.
You start putting on your armour.
You continue putting on your embroidered robe. x5
You finish putting on your cursed +0 robe.
Oops, that feels deathly cold.
Unknown command.
Welcome back, dpvblackbelt the Kobold Monk.
There is an open door here.
h - a green potion You are too injured to fight recklessly!
A rat comes into view.
You are too injured to fight recklessly!
You are too injured to fight recklessly!
A rat is nearby!
You are too injured to fight recklessly!
A rat is nearby!
You are too injured to fight recklessly!
A rat is nearby!
You are too injured to fight recklessly!
A rat is nearby!
You are too injured to fight recklessly!
You are too injured to fight recklessly!
A rat is nearby!
You are too injured to fight recklessly!
You are too injured to fight recklessly!
You are too injured to fight recklessly!
The helpless rat fails to defend itself.
You puncture the rat!
You kill the rat!
You see here a rat corpse.
You see here a plate armour.
i - a slice of pizza You see here a plate armour.
You see here a rat corpse.
You now have 37 gold pieces (gained 11).
A hobgoblin comes into view. It is wielding a club.
You are too injured to fight recklessly!
You are too injured to fight recklessly!
A hobgoblin is nearby!
You are too injured to fight recklessly!
A hobgoblin is nearby!
You are too injured to fight recklessly!
You are too injured to fight recklessly!
A hobgoblin is nearby!
You are too injured to fight recklessly!
You are too injured to fight recklessly!
You are too injured to fight recklessly!
You are too injured to fight recklessly!
You are too injured to fight recklessly!
A gnoll comes into view. It is wielding a flail.
You barely miss the hobgoblin.
The hobgoblin hits you but does no damage.
You barely miss the hobgoblin. You hit the hobgoblin. The hobgoblin misses you.
You hit the hobgoblin. The hobgoblin closely misses you.
You hit the hobgoblin. The hobgoblin barely misses you.
You hit the hobgoblin.
You kill the hobgoblin!
You see here a club.
You see here a club.
You barely miss the gnoll. The gnoll closely misses you.
You closely miss the gnoll. The gnoll closely misses you.
You hit the gnoll. The gnoll misses you.
You hit the gnoll. You hit the gnoll. The gnoll barely misses you.
You hit the gnoll but do no damage. The gnoll closely misses you.
You hit the gnoll but do no damage. The gnoll hits you with a flail.
You take 5 damage, and have 6/19 hp.
MASSIVE DAMAGE!!
You hit the gnoll. You completely miss the gnoll.
The gnoll hits you with a flail!
You die...

..#####..
.######.....#.## ..#
#†###.#..#
#################.#...#
.#
................#....##
.##...#########.#.....#
.##...# #... #.......#
.##...# #....####....#
.###### #......##....#
.+ #.....!@.###.# .#
####.#g#.# .# ## ...#)#
.# ###.#.# ..#.....#
######### ## .# .#


You could see a gnoll.

Vanquished Creatures
  A ball python (D:1)
  A goblin (D:1)
  2 hobgoblins (D:1)
  2 kobolds (D:1)
  3 rats (D:1)
9 creatures vanquished.

Notes
Turn   | Place    | Note
--------------------------------------------------------------
     0 | D:1      | dpvblackbelt the Kobold Monk began the quest for the Orb.
     0 | D:1      | Reached XP level 1. HP: 14/14 MP: 1/1
   242 | D:1      | Reached skill level 3 in Stealth
   250 | D:1      | HP: 3/14 [ball python (1)]
   603 | D:1      | Reached skill level 1 in Short Blades
   603 | D:1      | Reached XP level 2. HP: 19/19 MP: 2/2
   715 | D:1      | Upgraded the game from 0.17-a0-1972-g3149b6f to 0.17-a0-1978-gc390f2e
   790 | D:1      | Slain by a gnoll

Vault maps used:
D:1:      nicolae_arrival_somewhat_less_tricky_arrival

Action                   || total
-------------------------++-------
Melee: Unarmed           ||    16
       Dagger            ||    39
 Stab: Sleeping          ||     2

Vault maps used:
D:1:      nicolae_arrival_somewhat_less_tricky_arrival

Table legend:
 A = Turns spent in this place as a percentage of turns spent in the entire game.
 B = Non-inter-level travel turns spent in this place as a percentage of non-inter-level travel turns spent in the entire game.
 C = Inter-level travel turns spent in this place as a percentage of turns spent in this place.
 D = Turns resting spent in this place as a percentage of non-inter-level travel turns spent in this place.
 E = Turns spent auto-exploring this place as a percentage of non-inter-level travel turns spent in this place.
 F = Non-inter-level travel turns spent in this place divided by the number of levels of this place that you've seen.
                   A       B       C       D       E      F
               +-------+-------+-------+-------+-------+----------------------
         Total | 100.0 | 100.0 |   0.0 |   2.2 |   7.0 | 185.0
       Dungeon | 100.0 | 100.0 |   0.0 |   2.2 |   7.0 | 185.0
               +-------+-------+-------+-------+-------+----------------------

Table legend:
 A = Kills in this place as a percentage of kills in entire the game.
 B = Kills by you in this place as a percentage of kills by you in the entire game.
 C = Kills by friends in this place as a percentage of kills by friends in the entire game.
 D = Other kills in this place as a percentage of other kills in the entire game.
 E = Experience gained in this place as a percentage of experience gained in the entire game.
 F = Experience gained in this place divided by the number of levels of this place that you have seen.
                   A       B       C       D       E      F
               +-------+-------+-------+-------+-------+----------------------
         Total | 100.0 | 100.0 |  -nan |  -nan | 100.0 |  14.0
       Dungeon | 100.0 | 100.0 |  -nan |  -nan | 100.0 |  14.0
               +-------+-------+-------+-------+-------+----------------------
